 Dungeon Crawl Stone Soup version 0.20-a0-386-g2d247ea (webtiles) character file.

17064 Kidiri the Thaumaturge (level 12, -10/67 HPs)
             Began as a Deep Elf Fire Elementalist on Dec 23, 2016.
             Was a High Priest of Vehumet.
             Mangled by a two-headed ogre
             ... wielding a cursed -2 giant spiked club
              (24 damage)
             ... on level 12 of the Dungeon on Dec 29, 2016.
             The game lasted 00:48:15 (12399 turns).

Kidiri the Thaumaturge (DEFE)                      Turns: 12399, Time: 00:48:17

Health: -10/67     AC: 12    Str:  5    XL:     12   Next: 15%
Magic:  26/29      EV: 18    Int: 24    God:    Vehumet [*****.]
Gold:   818        SH:  6    Dex: 15    Spells: 2/34 levels left

rFire  . . .     SeeInvis +     m - +1 dagger (flame)
rCold  . . .     Gourm    +     e - +2 robe {Archmagi}
rNeg   . . .     Faith    .     w - +1 buckler
rPois  +         Spirit   .     n - +1 hat {SInv}
rElec  .         Reflect  .     j - +2 cloak
rCorr  .         Harm     .     (no gloves)
MR     +....                    t - +1 pair of boots
Stlth  ++........               z - amulet of the gourmand
                                v - ring of flight
                                h - ring of protection from magic

@: vulnerable
A: talons 1, repulsion field 1, icy blue scales 1, blurry vision 1, dopey 1,
magic resistance 1, poison resistance, wild magic 1
a: Renounce Religion, Evoke Flight


You were on level 12 of the Dungeon.
You worshipped Vehumet.
Vehumet was extremely pleased with you.
You were completely stuffed.

You visited 2 branches of the dungeon, and saw 13 of its levels.
You also visited: Ossuary.

You collected 818 gold pieces.

Inventory:

Hand Weapons
 m - a +1 dagger of flaming (weapon)
Armour
 e - a +2 robe of the Archmagi (worn)
 j - a +2 cloak (worn)
 n - a +1 hat of see invisible (worn)
 t - a +1 pair of boots (worn)
 w - a +1 buckler (worn)
Jewellery
 h - a ring of protection from magic (left hand)
 v - a ring of flight (right hand)
 z - an amulet of the gourmand (around neck)
Wands
 H - a wand of flame (43/48)
 N - a wand of iceblast (10/15)
 O - a wand of lightning (8/15)
Scrolls
 l - 3 scrolls of teleportation
 q - a scroll of amnesia
 r - 2 scrolls of fear
 y - 3 scrolls of remove curse
 D - 2 scrolls of immolation
 F - a scroll of magic mapping
 Q - a scroll of blinking
Potions
 b - a potion of cure mutation
 g - 3 potions of ambrosia {unknown}
 k - 2 potions of berserk rage
 o - 2 potions of brilliance
 p - 3 potions of agility
 s - 2 potions of curing
 u - a potion of cancellation
 x - 6 potions of flight {unknown}
 A - 4 potions of lignification
 B - a potion of resistance
 C - a potion of might
 I - 2 potions of haste
 J - a potion of invisibility
 K - a potion of heal wounds
Books
 G - a book of Geomancy

   Spells                             Type                      Level
   a - Sandblast                      Earth                        1
   b - Passwall                       Transmutation/Earth          2
   c - Stone Arrow                    Conjuration/Earth            3
   d - Petrify                        Transmutation/Earth          4
   e - Lee's Rapid Deconstruction     Earth                        5
 L - a book of Air

   Spells                             Type                      Level
   a - Shock                          Conjuration/Air              1
   b - Swiftness                      Charms/Air                   2
   c - Repel Missiles                 Charms/Air                   2
   d - Static Discharge               Conjuration/Air              3
   e - Lightning Bolt                 Conjuration/Air              5
Comestibles
 c - 10 slices of pizza
 d - 6 bread rations
 f - 22 fruits
 i - 12 meat rations
 E - 3 beef jerkies
 P - 16 chunks of flesh


   Skills:
 + Level 4.4 Fighting
 + Level 5.2 Short Blades
 + Level 4.8 Armour
 + Level 7.0 Dodging
 - Level 2.4 Stealth
 + Level 4.0 Shields
 * Level 11.9 Spellcasting
 + Level 6.8 Conjurations
 + Level 8.0 Fire Magic
 + Level 6.1 Ice Magic
 + Level 3.0 Air Magic
 + Level 5.0 Earth Magic
 + Level 5.1 Evocations


You had 2 spell levels left.
You knew the following spells:

 Your Spells              Type           Power        Failure   Level  Hunger
a - Flame Tongue          Conj/Fire      #####        1%          1    None
b - Throw Flame           Conj/Fire      ######       1%          2    None
c - Conjure Flame         Conj/Fire      #######.     1%          3    None
d - Inner Flame           Hex/Fire       ######..     1%          3    None
e - Sticky Flame          Conj/Fire      #######.     1%          4    None
f - Fireball              Conj/Fire      #######...   3%          5    ###....
g - Freeze                Ice            ####         1%          1    None
h - Stone Arrow           Conj/Erth      ######       1%          3    None
i - Lee's Rapid Deconstr  Erth           ######....   7%          5    ###....
j - Shock                 Conj/Air       ####         1%          1    None
k - Airstrike             Air            ######....   5%          4    None


Dungeon Overview and Level Annotations

Branches:
Dungeon (13/15)            Temple (1/1) D:6            Lair (0/6) D:10
    Orc: D:9-12      Vaults: D:13-14

Altars:
Ashenzari
Cheibriados
Dithmenos
Elyvilon
Fedhas
Gozag
Hepliaklqana
Kikubaaqudgha
Makhleb
Nemelex Xobeh
Okawaru
Qazlal
Ru
Sif Muna
Trog
Uskayaw
Vehumet
Xom
Yredelemnul
Zin
The Shining One

Shops:
D:5 *   D:10 !

Annotations:
D:12 Nessos
D:13 exclusion: 2 doors


Innate Abilities, Weirdness & Mutations

You have sharp toenails.
You are surrounded by a mild repulsion field. (EV +2)
You are partially covered in icy blue scales. (AC +2)
Scrolls take you a little longer to read.
You are dopey. (Int -2)
You are resistant to hostile enchantments. (MR+)
Your system is resistant to poisons. (rPois)
Your spells are a little harder to cast, but a little more powerful.


Message History

Confirm with . or Enter, or press ? or * to list all spells.
Aiming: Conjure Flame
Press: ? - help, Dir - move target cursor You feel a surge of power!
The fire roars!
Nessos blinks!
Nessos mumbles some strange words.
Nessos seems to speed up.
Nessos blinks!
Nessos stands on his hind legs for a moment.
Nessos zaps a wand.
The bolt of lightning hits you!
Really read with blurry vision while enemies are nearby? [Y]es or [N]o only, please.
Really read with blurry vision while enemies are nearby?
Nessos zaps a wand.
The bolt of lightning hits you!
* * * LOW HITPOINT WARNING * * *
You begin reading the scroll.
You continue reading the scroll.
Nessos zaps a wand.
Nothing appears to happen.
The two-headed ogre is engulfed in roaring flames.
You block the two-headed ogre's attack.
The two-headed ogre hits you with a giant club!!
You die...

#...#.###.# #.
#...#.....#######+# #.
#...#.............###.
#...#.................
#...#....c........(...
#...#.................
#...#............))(..
#...O...ยง........)....
#...#@###.........)...
#...#.........)....<..
#...#.................
#####........####.....
#........# #.....
#........# #.....
#......... ......
........#### #+####
#.......#


You could see Nessos and a two-headed ogre.

Vanquished Creatures
  Gastronok (D:8)
  A hydra (D:9)
  Erica (D:8)
  2 two-headed ogres
  An unseen horror (D:10)
  9 deep elf magi (D:12)
  An ugly thing (D:12)
  Joseph (D:9)
  The ghost of bworf the Poker, an amateur OgSk of Okawaru (D:4)
  2 dream sheep (D:9)
  4 hippogriffs
  7 yaks (D:9)
  Duvessa (D:5)
  2 sky beasts
  4 ice beasts
  4 orc warriors
  An ogre (D:6)
  2 crocodiles
  The ghost of 100P the Slasher, an amateur DsGl (D:3)
  8 centaurs
  6 big kobolds (D:9)
  6 bullfrogs
  Dowan (D:5)
  2 scorpions
  15 wights
  9 killer bees
  An electric eel (D:12)
  A howler monkey (D:4)
  A jelly (D:8)
  A centaur zombie (Ossuary)
  3 crimson imps
  A human zombie (Ossuary)
  2 quasits
  4 orc priests
  7 hounds
  2 gnoll shamans (D:9)
  8 orc wizards
  A bullfrog skeleton (D:10)
  3 iguanas
  6 worker ants
  A hound skeleton (D:8)
  6 mummies (Ossuary)
  A worker ant zombie (D:5)
  12 gnolls
  11 adders
  A shadow imp (D:6)
  An ooze (D:6)
  An adder zombie (D:5)
  An adder skeleton (D:5)
  2 worms
  A dart slug (D:2)
  5 leopard geckos
  23 orcs
  6 bats
  4 giant cockroaches
  3 gnoll zombies
  6 goblins
  14 hobgoblins
  13 jackals
  3 quokkas
  2 frilled lizards
  A hobgoblin zombie (Ossuary)
  10 kobolds
  2 kobold zombies (Ossuary)
  A leopard gecko skeleton (D:4)
  2 orc zombies (Ossuary)
  A quokka skeleton (D:6)
  7 rats
  10 plants (D:9)
285 creatures vanquished.

Notes
Turn   | Place    | Note
-------+----------+-------------------------------------------
     0 | D:1      | Kidiri the Deep Elf Fire Elementalist began the quest for the Orb.
     0 | D:1      | Reached XP level 1. HP: 10/10 MP: 6/6
     0 | D:1      | Upgraded the game from 0.20-a0-350-ga83eecc to 0.20-a0-351-gc9b4002
   220 | D:1      | Found a sparkling altar of Nemelex Xobeh.
   814 | D:2      | Reached XP level 2. HP: 15/15 MP: 0/8
   859 | D:2      | Learned a level 2 spell: Throw Flame
   922 | D:2      | Reached skill level 4 in Spellcasting
   996 | D:2      | Reached XP level 3. HP: 19/19 MP: 8/10
  1001 | D:2      | Learned a level 3 spell: Conjure Flame
  1005 | D:2      | Learned a level 3 spell: Inner Flame
  1715 | D:3      | Noticed 100P's ghost (amateur DsGl)
  1771 | D:3      | Reached XP level 4. HP: 24/24 MP: 9/12
  2108 | D:3      | Found a sacrificial altar of Ru.
  2111 | D:3      | Reached skill level 5 in Spellcasting
  2236 | D:3      | Gained mutation: You have sharp toenails. [potion of mutation]
  2236 | D:3      | Gained mutation: Your magical capacity is low. (-10% MP) [potion of mutation]
  2236 | D:3      | Gained mutation: You are resistant to hostile enchantments. (MR+) [potion of mutation]
  2243 | D:3      | Learned a level 4 spell: Sticky Flame
  2264 | D:3      | Killed 100P's ghost
  2264 | D:3      | Reached skill level 6 in Spellcasting
  2264 | D:3      | Reached XP level 5. HP: 19/28 MP: 0/14
  2448 | D:3      | Found a radiant altar of Vehumet.
  2454 | D:3      | Became a worshipper of Vehumet
  2751 | D:3      | Reached XP level 6. HP: 32/32 MP: 11/16
  2762 | D:3      | Learned a level 5 spell: Fireball
  2875 | D:3      | Found a glowing silver altar of Zin.
  2904 | D:2      | Upgraded the game from 0.20-a0-351-gc9b4002 to 0.20-a0-386-g2d247ea
  3270 | D:4      | Noticed bworf's ghost (amateur OgSk)
  3287 | D:4      | Killed bworf's ghost
  3287 | D:4      | Reached * piety under Vehumet
  3287 | D:4      | Offered knowledge of Freeze by Vehumet.
  3287 | D:4      | Reached skill level 1 in Short Blades
  3287 | D:4      | Reached skill level 7 in Spellcasting
  3287 | D:4      | Reached XP level 7. HP: 37/37 MP: 9/18
  3290 | D:4      | Learned a level 1 spell: Freeze
  3415 | D:4      | Reached skill level 5 in Fire Magic
  3422 | D:4      | Reached skill level 1 in Armour
  3425 | D:4      | Reached skill level 1 in Fighting
  3604 | D:4      | Found a hide-covered altar of Uskayaw.
  3605 | D:4      | Noticed a dagger
  3605 | D:4      | Noticed a dagger
  3801 | D:4      | Reached skill level 1 in Ice Magic
  3926 | D:4      | Found a shadowy altar of Dithmenos.
  4001 | D:5      | Entered Level 5 of the Dungeon
  4105 | D:5      | Found a sparkling altar of Nemelex Xobeh.
  4141 | D:5      | Noticed Dowan
  4143 | D:5      | Noticed Duvessa
  4175 | D:6      | Reached XP level 8. HP: 43/43 MP: 0/19
  4315 | D:5      | Killed Duvessa
  4315 | D:5      | Reached skill level 8 in Spellcasting
  4489 | D:5      | Killed Dowan
  4489 | D:5      | Reached ** piety under Vehumet
  4489 | D:5      | Offered knowledge of Magic Dart by Vehumet.
  4537 | D:5      | Found a sand-covered staircase.
  4542 | Ossuary  | Entered an ossuary
  4903 | D:5      | Gained mutation: You are dopey. (Int -2) [potion of mutation]
  4903 | D:5      | Gained mutation: You are partially covered in icy blue scales. (AC +2) [potion of mutation]
  4992 | D:5      | Found Riyseoci's Assorted Antiques.
  5057 | D:5      | Reached skill level 1 in Shields
  5062 | D:5      | Gained mutation: Your system is resistant to poisons. (rPois) [mutagenic meat]
  5066 | D:5      | Gained mutation: Your spells are a little harder to cast, but a little more powerful. [mutagenic meat]
  5190 | D:5      | Found a basalt altar of Yredelemnul.
  5313 | D:5      | Found a shimmering altar of Xom.
  5645 | D:6      | Found a sacrificial altar of Ru.
  5878 | D:6      | Reached skill level 1 in Evocations
  5986 | D:6      | Offered knowledge of Stone Arrow by Vehumet.
  5991 | D:6      | Learned a level 3 spell: Stone Arrow
  6002 | D:6      | Found a snail-covered altar of Cheibriados.
  6307 | D:6      | Found a staircase to the Ecumenical Temple.
  6312 | Temple   | Entered the Ecumenical Temple
  6922 | D:7      | Found a blossoming altar of Fedhas.
  6955 | D:7      | Reached XP level 9. HP: 48/48 MP: 14/21
  6982 | D:7      | Reached skill level 9 in Spellcasting
  7192 | D:7      | Found an iron altar of Okawaru.
  7577 | D:8      | Reached skill level 5 in Dodging
  7631 | D:8      | Noticed a two-headed ogre
  7631 | D:8      | Reached skill level 1 in Earth Magic
  7668 | D:8      | Killed a two-headed ogre
  7668 | D:8      | Reached skill level 5 in Conjurations
  7704 | D:8      | Reached *** piety under Vehumet
  7706 | D:8      | Lost mutation: Your magical capacity is low. (-10% MP) [mutagenic meat]
  7707 | D:8      | Gained mutation: You are surrounded by a mild repulsion field. (EV +2) [mutagenic meat]
  7761 | D:8      | Noticed Erica
  7795 | D:8      | Killed Erica
  7795 | D:8      | Reached XP level 10. HP: 43/55 MP: 5/25
  7871 | D:8      | Noticed Gastronok
  7918 | D:8      | Killed Gastronok
  7918 | D:8      | Reached skill level 10 in Spellcasting
  8066 | D:8      | Learned a level 5 spell: Lee's Rapid Deconstruction
  8190 | D:8      | Offered knowledge of Throw Icicle by Vehumet.
  9137 | D:9      | Reached **** piety under Vehumet
  9156 | D:9      | Noticed Joseph
  9164 | D:9      | Killed Joseph
  9164 | D:9      | Offered knowledge of Iskenderun's Battlesphere by Vehumet.
  9280 | D:9      | Reached skill level 5 in Ice Magic
  9513 | D:9      | Reached XP level 11. HP: 58/60 MP: 11/27
  9741 | D:9      | Learned a level 1 spell: Shock
  9896 | D:9      | Found a stormy altar of Qazlal.
  9953 | D:9      | Reached ***** piety under Vehumet
  9958 | D:9      | Reached skill level 1 in Air Magic
 10070 | D:9      | Noticed a three-headed hydra
 10077 | D:9      | Killed a three-headed hydra
 10077 | D:9      | Reached skill level 11 in Spellcasting
 10337 | D:9      | Offered knowledge of Airstrike by Vehumet.
 10343 | D:9      | Learned a level 4 spell: Airstrike
 10951 | D:10     | Entered Level 10 of the Dungeon
 10969 | D:10     | Found Lymouph's Distillery.
 10988 | D:10     | Found a staircase to the Lair.
 11159 | D:10     | Noticed an unseen horror
 11163 | D:10     | Killed an unseen horror
 11211 | D:10     | You fall through a shaft for 3 floors!
 11258 | D:13     | Noticed an orb spider
 11383 | D:12     | Noticed a cyan ugly thing
 11399 | D:12     | Killed a cyan ugly thing
 11510 | D:12     | Gained mutation: Scrolls take you a little longer to read. [mutagenic meat]
 11530 | D:12     | Noticed a deep elf mage
 11531 | D:12     | Noticed a deep elf mage
 11536 | D:12     | Noticed a deep elf mage
 11536 | D:12     | Noticed a deep elf mage
 11537 | D:12     | Noticed a deep elf mage
 11555 | D:12     | Killed a deep elf mage
 11563 | D:12     | Killed a deep elf mage
 11645 | D:12     | Killed a deep elf mage
 11645 | D:12     | Reached skill level 5 in Short Blades
 11648 | D:12     | Noticed a deep elf mage
 11663 | D:12     | Killed a deep elf mage
 11665 | D:12     | Noticed a deep elf mage
 11714 | D:12     | Killed a deep elf mage
 11723 | D:12     | Noticed a deep elf mage
 11741 | D:12     | Killed a deep elf mage
 11783 | D:12     | Noticed a deep elf mage
 11834 | D:12     | Killed a deep elf mage
 11856 | D:12     | Noticed a deep elf mage
 11864 | D:12     | Killed a deep elf mage
 11864 | D:12     | Reached XP level 12. HP: 49/67 MP: 14/29
 12111 | D:12     | Reached skill level 5 in Earth Magic
 12152 | D:12     | Noticed a two-headed ogre
 12181 | D:12     | Killed a two-headed ogre
 12181 | D:12     | Reached skill level 5 in Evocations
 12393 | D:12     | Noticed Nessos
 12393 | D:12     | Noticed a two-headed ogre
 12399 | D:12     | Mangled by a two-headed ogre

Vault maps used:
D:1:      lemuel_arrival_room, nemelex_diamond_rough_becter
D:3:      nicolae_ru_great_annihilating_truth, zin_academy, vehumet_crystals
D:4:      marbit_many_paths, dancing_weapons_uskayaw, minmay_distorted
D:5:      tgw_xom, nemelex_xobeh_ov_fountains_minmay,
          lemuel_zombie_altar_yredelemnul, first_bread, serial_shops, shop,
          nicolae_ossuary_entry_false_entrances, uniq_duvessa
D:6:      cheibrodos_worm_habitat, lemuel_statue_altar
D:7:      old_standard_altar, lemuel_doored_altar
D:8:      uniq_gastronok, uniq_erica
D:9:      kennysheep_housing_project, overflow_temple_1_default,
          hangedman_ranch, kennysheep_generic_room_8, uniq_joseph
D:10:     lair_entry_dummy, serial_shops, shop_statue
D:12:     minmay_orc_entry_temple_small, elves_outpost_lemuel, uniq_nessos
D:13:     david_vaults_2, onia_ninara_dug_in_and_dangerous
Temple:   compressed_dpeg_triangle_lava_temple
Ossuary:  ossuary_crypta

Skill      XL: |  1  2  3  4  5  6  7  8  9 10 11 12 |
---------------+-------------------------------------+-----
Spellcasting   | 4 6 7 8 9 10 11 | 11.9
Conjurations   | 2 3 4 5 6 |  6.8
Fire Magic     | 4 5 6 7 8 |  8.0
Short Blades   | 1 2 3 4 5 |  5.2
Dodging        | 3 4 5 6 7 |  7.0
Armour         | 1 2 3 4 |  4.8
Fighting       | 1 2 3 4 |  4.4
Ice Magic      | 1 3 4 5 6 |  6.1
Shields        | 1 2 3 4 |  4.0
Evocations     | 1 2 3 4 5 |  5.1
Earth Magic    | 2 3 4 5 |  5.0
Air Magic      | 2 3 |  3.0
Stealth        | |  2.4

Action                   |  1- 3 |  4- 6 |  7- 9 | 10-12 || total
-------------------------+-------+-------+-------+-------++-------
Melee: Dagger            |    50 |    47 |    60 |    16 ||   173
       Kick              |       |     7 |     1 |       ||     8
 Cast: Flame Tongue      |    35 |    59 |   183 |   264 ||   541
       Throw Flame       |     6 |    13 |    24 |    24 ||    67
       Conjure Flame     |       |     4 |     8 |    16 ||    28
       Inner Flame       |       |     1 |     2 |    10 ||    13
       Sticky Flame      |       |     1 |    15 |    33 ||    49
       Freeze            |       |       |     3 |       ||     3
       Stone Arrow       |       |       |       |    29 ||    29
       Fireball          |       |       |       |     7 ||     7
       Airstrike         |       |       |       |     2 ||     2
  Use: Scroll            |     9 |     4 |    10 |     8 ||    31
       Potion            |       |     4 |     2 |     1 ||     7
 Stab: Sleeping          |     2 |     1 |     3 |     1 ||     7
       Paralysed         |       |     1 |       |       ||     1
  Eat: Fruit             |     3 |       |       |       ||     3
       Chunk             |     2 |     3 |    35 |    20 ||    60
       Bread ration      |     1 |       |       |       ||     1
Armor: Robe              |    32 |    25 |    39 |    24 ||   120
Dodge: Dodged            |    43 |    44 |    87 |   119 ||   293
Block: Buckler           |       |       |    13 |    40 ||    53
